 Dungeon Crawl Stone Soup version 0.29-a0-90-gc37658a0fe (webtiles) character file.

Game seed: 10531078730162932648

28 enile the Firebug (level 3, -2/19 HPs)
             Began as a Deep Elf Fire Elementalist on Feb 6, 2022.
             Was a Follower of Zin.
             Slain by a crimson imp (3 damage)
             ... summoned by Natasha
             ... on level 2 of the Dungeon.
             The game lasted 00:01:43 (1484 turns).

enile the Firebug (Deep Elf Fire Elementalist)      Turns: 1484, Time: 00:01:44

Health: -2/19      AC:  2    Str:  5    XL:     3   Next: 0%
Magic:  6/10       EV: 12    Int: 21    God:    Zin [*.....]
Gold:   43         SH:  0    Dex: 15    Spells: 7/10 levels left

rFire   . . .      SeeInvis .   h - +0 whip (venom)
rCold   . . .      Faith    .   (no shield)
rNeg    . . .      Spirit   .   a - +0 robe
rPois   .          Reflect  .   (no helmet)
rElec   .          Harm     .   (no cloak)
rCorr   .          Rampage  .   (no gloves)
Will    .....                   (no boots)
Stlth   ++........              (no amulet)
HPRegen 0.06/turn               (no ring)
MPRegen 0.12/turn               (no ring)

@: on recite cooldown, slowed, very slow
A: no striking features
a: Renounce Religion, Recite, Donate Gold


You were on level 2 of the Dungeon.
You worshipped Zin.
Zin was aware of your devotion.
You visited 1 branch of the dungeon, and saw 2 of its levels.

You collected 47 gold pieces.
You donated 4 gold pieces to Zin.

Inventory:

Hand Weapons
 c - a +0 hunting sling
 d - a +0 dagger
 h - a +0 whip of venom (weapon)
Armour
 a - a +0 robe (worn)
Jewellery
 f - a ring of positive energy
Scrolls
 e - a scroll of noise
Potions
 b - a potion of berserk rage {unknown}
 g - a potion of mutation {unknown}


   Skills:
 - Level 2.4 Dodging
 - Level 2.4 Stealth
 - Level 4.0 Spellcasting
 - Level 1.1 Conjurations
 + Level 4.1 Fire Magic


You had 7 spell levels left.
You knew the following spells:

 Your Spells              Type           Power      Damage    Failure   Level
a - Foxfire               Conj/Fire      60%        2x1d7     4%          1
b - Scorch                Fire           42%        2d7       3%          2

Your spell library contained the following spells:

 Spells                   Type           Power      Damage    Failure   Level
 Conjure Flame            Conj/Fire      15%        6-21      12%         3
 Inner Flame              Hex/Fire       12%        N/A       16%         3
 Flame Wave               Conj/Fire      15%        2d6       38%         4


Dungeon Overview and Level Annotations

Branches:
Dungeon (2/15)

Altars:
Zin

Annotations:
D:2 Natasha


Message History

"...and again, and again!"
Natasha is dazed by your recitation.
Natasha hisses angrily.
You finish reciting Abominations 14:58.
Natasha is lost in a daze. x2
The foxfire hits the crimson imp.
The crimson imp completely resists.
The foxfire hits the crimson imp.
The crimson imp completely resists.
Natasha mumbles some strange words.
Natasha glows brightly for a moment.
The crimson imp laughs crazily.
Natasha is lost in a daze.
Casting: Foxfire (safe; 4% risk of failure)
Confirm with . or Enter, or press ? or * to list all spells.
Flames lash Natasha.
Natasha is severely wounded.
Natasha's fire resistance burns away.
The crimson imp shouts, "Quit, thou paunchy flap-mouthed deadneck!"
The crimson imp hits you.
Natasha mumbles some strange words.
The crimson imp closely misses you. The crimson imp hits you.
The shadow imp gestures at you. Pain shoots through your body!
The crimson imp misses you.
Natasha mumbles some strange words.
The crimson imp shouts, "Quail, thou cockered ruttish brigand!"
The crimson imp blinks!
As you read the scroll labelled ERRUSTOWAF, it crumbles to dust.
You hear a loud clanging noise!
It was a scroll of noise.
You hear a shout!
You hear an angry hiss.
You hear a shout! x2
Natasha is no longer dazed.
Natasha is no longer more vulnerable to fire.
Natasha claws you!
* * * LOW HITPOINT WARNING * * *
The shadow imp gestures at you. Pain shoots through your body!
* * * LOW HITPOINT WARNING * * *
The crimson imp hits you.
You die...

........# ##...##
........###.....##
........##.......##
.[......##.....>..###
......<..............
........###.....###.
.......###.......#
......## #.....5.#
.###### #....5.@###
.# ##....5h..# .
#.............
#........###...
....#....## ##
###....... #......#
#...#### #...


You could see Natasha, 2 crimson imps and a shadow imp (summoned).

Vanquished Creatures
  2 ball pythons (D:1)
  2 bats (D:1)
  An endoplasm (D:1)
  A giant cockroach (D:1)
  A hobgoblin (D:1)
  4 jackals (D:1)
  2 quokkas (D:1)
  2 frilled lizards (D:1)
  4 goblins (D:1)
  3 kobolds (D:1)
  3 rats (D:1)
25 creatures vanquished.

Vanquished Creatures (collateral kills)
  A foxfire (D:1)
1 creature vanquished.

Vanquished Creatures (others)
  87 foxfires
87 creatures vanquished.

Grand Total: 113 creatures vanquished

Notes
Turn   | Place    | Note
-------+----------+-------------------------------------------
     0 | D:1      | enile the Deep Elf Fire Elementalist began the quest for
                  | the Orb.
     0 | D:1      | Reached XP level 1. HP: 10/10 MP: 6/6
   279 | D:1      | Reached XP level 2. HP: 15/15 MP: 5/9
   282 | D:1      | Learned a level 2 spell: Scorch
   870 | D:1      | Found a faded altar of an unknown god.
  1052 | D:1      | Prayed at the altar of an unknown god.
  1052 | D:1      | Became a worshipper of Zin the Law-Giver
  1052 | D:1      | Reached * piety under Zin
  1253 | D:1      | Reached XP level 3. HP: 17/19 MP: 1/10
  1472 | D:2      | Noticed Natasha
  1484 | D:2      | Slain by a crimson imp

Illustrated notes

Levels and vault maps discovered:
D:1:      lordsloth_arrival_two_stooges, layout_loops_ring,
          shapermc_ecumenical_altar_acropolis, feat_on_display
D:2:      layout_rooms, uniq_sigmund, uniq_natasha, uniq_jessica

Skill      XL: |  1  2 |
---------------+-------+-----
Spellcasting   | 4 |  4.0
Fire Magic     | 4 |  4.1
Dodging        | |  2.4
Stealth        | |  2.4
Conjurations   | |  1.1

Action                   || total
-------------------------++-------
Melee: Dagger            ||     2
 Cast: Foxfire           ||    54
       Scorch            ||     7
Invok: Recite            ||     1
  Use: Scroll            ||     1
Armor: Robe              ||     2
Dodge: Dodged            ||     5

Table legend: (Time is in decaauts)
 A = Elapsed time spent in this place.
 B = Non-inter-level travel time spent in this place.
 C = Inter-level travel time spent in this place.
 D = Time resting spent in this place.
 E = Time spent auto-exploring this place.
 F = Levels seen in this place.
 G = Mean time per level.
                   A        B        C        D        E       F      G
               +--------+--------+--------+--------+--------+-----+--------+
         Total |   1485 |   1345 |    140 |      0 |   1160 |   2 |  742.5 |
       Dungeon |   1485 |   1345 |    140 |      0 |   1160 |   2 |  742.5 |
               +--------+--------+--------+--------+--------+-----+--------+

Top non-repeatable levels by time:
     D:1: 1439 daAuts
     D:2: 46 daAuts
